 Dungeon Crawl Stone Soup version 0.29.1-15-g9cfb28693d (webtiles) character file.

Game seed: 11887146443542175102

134 jtron the Chopper (level 5, -1/47 HPs)
             Began as a Hill Orc Monk on Feb 26, 2023.
             Slain by Robin
             ... wielding a +4 dagger of venom
              (3 damage)
             ... on level 3 of the Dungeon.
             The game lasted 00:06:39 (3189 turns).

jtron the Chopper (Hill Orc Monk)                   Turns: 3189, Time: 00:06:40

Health: -1/47      AC:  4    Str: 14    XL:     5   Next: 17%
Magic:  5/5        EV: 12    Int: 10    God:
Gold:   101        SH:  0    Dex: 15    Spells: 4/4 levels left

rFire   . . .      SeeInvis .   a - +0 hand axe
rCold   . . .      Faith    .   (no shield)
rNeg    . . .      Spirit   .   g - +0 leather armour
rPois   +          Reflect  .   (no helmet)
rElec   .          Harm     .   (no cloak)
rCorr   .          Rampage  .   (no gloves)
Will    .....                   f - +0 pair of boots
Stlth   ++........              (no amulet)
HPRegen 0.15/turn               j - ring of poison resistance
MPRegen 0.09/turn               (no ring)

@: lethally poisoned (-1 -> -3)
A: no striking features
a: no special abilities


You were on level 3 of the Dungeon.
You visited 1 branch of the dungeon, and saw 3 of its levels.

You collected 101 gold pieces.

Inventory:

Hand Weapons
 a - a +0 hand axe (weapon)
Missiles
 e - 24 stones
 h - 6 boomerangs (quivered)
Armour
 f - a +0 pair of boots (worn)
 g - a +0 leather armour (worn)
Jewellery
 d - a ring of ice
 j - a ring of poison resistance (left hand)
Potions
 b - a potion of degeneration


   Skills:
 + Level 4.4 Fighting
 + Level 5.8 Axes
 + Level 1.2 Armour
 - Level 3.0 Dodging
 + Level 2.0 Stealth


You had 4 spell levels left.
You didn't know any spells.
Your spell library was empty.

Dungeon Overview and Level Annotations

Branches:
Dungeon (3/15)

Altars:

Annotations:
D:3 1 runed translucent door, Arctor's ghost, amateur GrFE; Robin


Message History

Robin hits you with a +4 dagger of venom.
You are more poisoned.
You bump into the rock wall.
You feel very sick. Robin barely misses you.
You bump into the rock wall.
You feel less invigorated.
You feel less confused.
You feel very sick. Robin closely misses you.
You hit Robin.
Robin is heavily wounded.
You feel sick. Robin completely misses you.
You hit Robin.
Robin is severely wounded.
You feel sick.
Robin hits you with a +4 dagger of venom.
You hit Robin but do no damage.
Robin is severely wounded.
You feel sick.
Robin drinks a potion.
Robin is healed!
You hit Robin.
Robin is moderately wounded.
You feel sick.
Robin hits you with a +4 dagger of venom.
* * * LOW HITPOINT WARNING * * *
You hit Robin but do no damage.
Robin is moderately wounded.
You feel sick.
Robin hits you with a +4 dagger of venom.
* * * LOW HITPOINT WARNING * * *
You hit Robin.
Robin is severely wounded.
You feel sick.
Robin hits you with a +4 dagger of venom.
* * * LOW HITPOINT WARNING * * *
You closely miss Robin.
Robin is severely wounded.
* * * LOW HITPOINT WARNING * * *
You feel sick.
Robin hits you with a +4 dagger of venom.
You die...

.......# #g#
######.#
#.######.#
###
#......#g#
######.#.#
#........#
#.####.###
#.# #)# #.#
#g# # #.# #@#
# #.# #)#
###########.#
#.#
............#
#..
#############
#.# # ###


You could see Robin.

Vanquished Creatures
  5 adders
  An ufetubus (D:3)
  2 worms (D:2)
  6 bats
  6 endoplasms
  5 giant cockroaches
  9 goblins
  4 hobgoblins
  10 jackals
  7 kobolds
  2 quokkas
  7 ball pythons
  3 frilled lizards (D:1)
  2 rats (D:1)
69 creatures vanquished.

Vanquished Creatures (others)
  2 withered plants (D:3)
2 creatures vanquished.

Grand Total: 71 creatures vanquished

Notes
Turn   | Place    | Note
-------+----------+-------------------------------------------
     0 | D:1      | jtron the Hill Orc Monk began the quest for the Orb.
     0 | D:1      | Reached XP level 1. HP: 19/19 MP: 1/1
   205 | D:1      | Reached XP level 2. HP: 20/27 MP: 2/2
   542 | D:1      | Found a faded altar of an unknown god.
   654 | D:1      | Reached XP level 3. HP: 33/33 MP: 3/3
  1419 | D:2      | Reached skill level 5 in Axes
  1581 | D:2      | Reached XP level 4. HP: 31/40 MP: 4/4
  2610 | D:3      | Reached skill level 1 in Armour
  2863 | D:3      | Found a runed translucent door.
  2865 | D:3      | Noticed Arctor's ghost (amateur GrFE)
  2891 | D:3      | Reached XP level 5. HP: 42/47 MP: 5/5
  3154 | D:3      | Noticed Robin
  3189 | D:3      | HP: 2/47 [poisoned by Robin]
  3189 | D:3      | Slain by Robin

Illustrated notes

Levels and vault maps discovered:
D:1:      minmay_arrival_plants_in_alcoves, layout_loops_ring,
          nicolae_ecumenical_lake_church, amcnicky_mini_corridor_feature
D:2:      layout_basic
D:3:      layout_basic, gammafunk_ghost_grave, uniq_robin

Skill      XL: |  1  2  3  4 |
---------------+-------------+-----
Fighting       | 4 |  4.4
Axes           | 5 |  5.8
Dodging        | 3 |  3.0
Armour         | 1 |  1.2
Stealth        | 2 |  2.0

Action                   |  1- 3 |  4- 6 || total
-------------------------+-------+-------++-------
Melee: Hand axe          |   126 |   163 ||   289
       Punch             |     1 |     1 ||     2
Throw: Stone             |       |     7 ||     7
  Use: Scroll            |     1 |     1 ||     2
       Potion            |       |     4 ||     4
 Stab: Sleeping          |     2 |     3 ||     5
       Distracted        |       |     1 ||     1
Armor: Robe              |     3 |       ||     3
       Leather armour    |    40 |    56 ||    96
Dodge: Dodged            |    97 |   113 ||   210
